 Dungeon Crawl Stone Soup version 0.30-a0-241-g1121274140 (webtiles) character file.

Game seed: 1618781739001344152

196258 Ijustatesigmund the Warrior (level 18, -28/135 HPs)
             Began as a Gargoyle Fighter on Oct 10, 2022.
             Was the Champion of Cheibriados.
             Annihilated by an enormous slime creature (96 damage)
             ... on level 1 of the Vaults on Oct 11, 2022.
             The game lasted 01:00:33 (31262 turns).

Ijustatesigmund the Warrior (Gargoyle Fighter)     Turns: 31262, Time: 01:00:34

Health: -28/135    AC: 51    Str: 49    XL:     18   Next: 36%
Magic:  25/29      EV: 18    Int: 24    God:    Cheibriados [******]
Gold:   2560       SH: 14    Dex: 27    Spells: 17/17 levels left

rFire   + + +      SeeInvis +    F - +6 morningstar (holy)
rCold   . . .      Faith    .    c - +0 kite shield
rNeg    + . .      Spirit   .    b - +9 plate armour of Jumu Leelo {rF+ Str+3}
rPois   ∞          Reflect  .    m - +1 helmet
rElec   +          Harm     .    u - +1 cloak
rCorr   +          Rampage  .    D - +2 pair of gloves
Will    ++++.      Clarity  +    w - +1 pair of boots
Stlth   ..........               k - amulet "Boxayngo" {Acrobat Will+ Str+3 Dex+3}
HPRegen 0.42/turn                L - +4 ring of evasion
MPRegen 0.21/turn                Y - ring of Trepidation {rF+++ Will++ rCorr SInv Stlth-}

@: flying, studying Poison Magic, very slow
A: sickness immunity, AC +13, big wings, negative energy resistance 1,
electricity resistance, torment resistance 1, petrification resistance, hooves
1, iridescent scales 1, clarity, robust 1
}: 1/15 runes: barnacled
a: Renounce Religion, Bend Time, Temporal Distortion, Slouch, Step From Time


You were on level 1 of the Vaults.
You worshipped Cheibriados.
Cheibriados was exalted by your worship.
You visited 7 branches of the dungeon, and saw 30 of its levels.

You collected 3195 gold pieces.
You spent 635 gold pieces at shops.

Inventory:

Hand Weapons
 q - a +6 mace of protection
 F - a +6 morningstar of holy wrath (weapon)
Missiles
 d - 10 throwing nets (quivered)
Armour
 b - the +9 plate armour of Jumu Leelo (worn) {rF+ Str+3}
   (You found it on level 6 of the Dungeon)

   Str:       It affects your strength (+3).
   rF:        It protects you from fire.
 c - a +0 kite shield (worn)
 m - a +1 helmet (worn)
 u - a +1 cloak (worn)
 w - a +1 pair of boots (worn)
 D - a +2 pair of gloves (worn)
Jewellery
 j - an amulet of regeneration
 k - the amulet "Boxayngo" (around neck) {Acrobat Will+ Str+3 Dex+3}
   (You found it on level 2 of the Dungeon)

   [amulet of the acrobat]

   It increases your evasion while moving and waiting.
   Str:       It affects your strength (+3).
   Dex:       It affects your dexterity (+3).
   Will:      It increases your willpower.
 p - a ring of protection from cold
 C - a ring of wizardry
 J - the ring "Cimpicw" {+Blink rF+ Will+ Dex+6}
   (You found it on level 9 of the Dungeon)

   [ring of dexterity]

   Dex:       It affects your dexterity (+6).
   rF:        It protects you from fire.
   +Blink:    It lets you blink.
   Will:      It increases your willpower.
 L - a +4 ring of evasion (left hand)
 N - a ring of fire
 Y - the ring of Trepidation (right hand) {rF+++ Will++ rCorr SInv Stlth-}
   (You took it off a tengu conjurer on level 14 of the Dungeon)

   [ring of see invisible]

   rF:        It renders you almost immune to fire.
   SInv:      It lets you see invisible.
   rCorr:     It protects you from acid and corrosion.
   Will:      It greatly increases your willpower.
   Stlth:     It makes you less stealthy.
Wands
 n - a wand of charming (3)
 o - a wand of roots (20)
 r - a wand of flame (43)
 I - a wand of light (3)
 T - a wand of digging (13)
 V - a wand of polymorph (8)
Scrolls
 g - 3 scrolls of fog
 v - 9 scrolls of identify
 x - 3 scrolls of poison
 E - 5 scrolls of fear
 G - a scroll of torment
 Q - a scroll of magic mapping
 R - a scroll of brand weapon
 U - 2 scrolls of amnesia
 W - 3 scrolls of immolation
 X - 2 scrolls of blinking
Potions
 a - 2 potions of heal wounds
 f - 6 potions of mutation
 h - 5 potions of attraction
 i - 5 potions of lignification
 l - 7 potions of curing
 s - 2 potions of cancellation
 t - 7 potions of flight
 z - 2 potions of resistance
 A - 3 potions of might
 B - a potion of invisibility
 H - 8 potions of brilliance
 M - a potion of magic
 O - 2 potions of berserk rage
 S - 3 potions of ambrosia
Miscellaneous
 P - a condenser vane
 Z - a phantom mirror


   Skills:
 + Level 17.0 Fighting
 + Level 15.6 Maces & Flails
 + Level 12.3 Armour
 - Level 7.0 Dodging
 + Level 11.4 Shields
 + Level 15.2 Invocations
 + Level 14.5 Evocations


You had 17 spell levels left.
You didn't know any spells.
Your spell library contained the following spells:

 Spells                   Type           Power      Damage    Failure   Level
 Foxfire                  Conj/Fire      0%         2x1d4     69%         1
 Kiss of Death            Conj/Necr      0%         2d5       69%         1
 Magic Dart               Conj           0%         1d3       69%         1
 Sandblast                Erth           0%         2d4       69%         1
 Shock                    Conj/Air       0%         1d3       69%         1
 Summon Small Mammal      Summ           0%         N/A       69%         1
 Blink                    Tloc           0%         N/A       83%         2
 Call Imp                 Summ           0%         N/A       83%         2
 Momentum Strike          Conj/Tloc      0%         3d8       83%         2
 Passwall                 Tmut/Erth      0%         N/A       83%         2
 Searing Ray              Conj           0%         2d4       83%         2
 Call Canine Familiar     Summ           0%         N/A       96%         3
 Confusing Touch          Hex            0%         N/A       96%         3
 Lesser Beckoning         Tloc           0%         N/A       96%         3
 Mephitic Cloud           Conj/Pois/Air  0%         N/A       96%         3
 Ozocubu's Armour         Ice            0%         N/A       96%         3
 Stone Arrow              Conj/Erth      0%         3d7       96%         3
 Summon Guardian Golem    Hex/Summ       0%         N/A       96%         3
 Swiftness                Air            0%         N/A       96%         3
 Airstrike                Air            0%         2d(0-16)  100%        4
 Dispel Undead            Necr           0%         3d6       100%        4
 Fulminant Prism          Conj/Hex       0%         3d6       100%        4
 Olgreb's Toxic Radiance  Pois           0%         N/A       100%        4
 Petrify                  Tmut/Erth      0%         N/A       100%        4
 Summon Lightning Spire   Summ/Air       0%         N/A       100%        4
 Fireball                 Conj/Fire      0%         3d3       100%        5
 Iskenderun's Battlesphe  Conj           0%         2d6       100%        5
 Metabolic Englaciation   Hex/Ice        0%         N/A       100%        5
 Conjure Ball Lightning   Conj/Air       0%         3x3d6     100%        6
 Simulacrum               Ice/Necr       0%         N/A       100%        6
 Starburst                Conj/Fire      0%         6d3       100%        6
 Orb of Destruction       Conj           0%         9d5       100%        7
 Storm Form               Tmut/Air       0%         N/A       100%        7
 Borgnjor's Revivificati  Necr           0%         N/A       100%        8
 Maxwell's Capacitive Co  Air            0%         ∞         100%        8
 Necromutation            Tmut/Necr      0%         N/A       100%        8
 Death's Door             Necr           0%         N/A       100%        9
 Statue Form              Tmut/Erth      Unusable   N/A       N/A         6

Dungeon Overview and Level Annotations

Branches:
Dungeon (14/15)            Temple (1/1) D:7            Lair (5/5) D:11
 Shoals (4/4) Lair:3       Spider (0/4) Lair:3        Slime (0/5) Lair:4
    Orc (2/2) D:10            Elf (3/3) Orc:2        Vaults (1/5) D:14

Altars:
Ashenzari
Cheibriados
Dithmenos
Elyvilon
Fedhas
Gozag
Hepliaklqana
Kikubaaqudgha
Makhleb
Nemelex Xobeh
Okawaru
Qazlal
Ru
Sif Muna
Trog
Uskayaw
Vehumet
Wu Jian
Xom
Yredelemnul
Zin
The Shining One

Shops:
D:10 [   D:14 :![   Orc:2 *[[=(   Elf:2 *

Annotations:
D:3 1 runed translucent door
D:5 2 transporters, flestrin's ghost, novice DsTm


Innate Abilities, Weirdness & Mutations

You are immune to sickness and miasma.
Your stone body is resilient. (AC +13)
You are immune to poison.
Your large and strong wings let you fly.
You resist negative energy. (rN+)
You are resistant to electric shocks. (rElec)
You are resistant to unholy torment.
You are immune to petrification.
You have large cloven feet.
You are partially covered in iridescent scales. (AC +2)
You possess an exceptional clarity of mind.
You are robust. (+10% HP)


Message History

The ironbound convoker closely misses you.
Strange energies crackle from the ironbound thunderhulk's apparatus.
The ironbound thunderhulk blinks!
You hit the enormous slime creature.
The enormous slime creature is moderately wounded.
You block the ironbound convoker's attack.
The enormous slime creature hits you! The ironbound convoker misses you.
Strange energies crackle from the ironbound thunderhulk's apparatus.
The ironbound thunderhulk blinks!
You puncture the enormous slime creature!
The enormous slime creature is moderately wounded.
You block the ironbound convoker's attack.
The enormous slime creature hits you but does no damage.
The ironbound convoker hits you with a +0 great mace!!
You puncture the enormous slime creature!
The enormous slime creature is heavily wounded.
You block the enormous slime creature's attack.
The ironbound convoker misses you.
The ironbound convoker gestures at the centaur warrior while chanting.
The centaur warrior seems to grow stronger.
Unknown command.
You sock the enormous slime creature!
The enormous slime creature is heavily wounded.
You block the ironbound convoker's attack.
You block the enormous slime creature's attack.
The ironbound convoker barely misses you.
The ironbound convoker casts a spell at the enormous slime creature.
The enormous slime creature seems to grow stronger.
Aiming: Bolt of Light
Press: ? - help, Shift-Dir - straight line, f - ironbound convoker
Aim: an ironbound convoker, wielding a +0 mace and wearing a +0 ring mail (moderately wounded, strong, 79% to hit)
The bolt of light hits the enormous slime creature!!!
The enormous slime creature is severely wounded.
The bolt of light hits the ironbound convoker!!!
You kill the ironbound convoker!
Cheibriados thoroughly appreciates the change of pace.
The ironbound convoker misses you.
The enormous slime creature hits you!!!!
Ouch! That really hurt!
You die...

....... ........
.......# ...../.#
#######......#
#...cJ#......#
.#...Jp#......#
.#...cp@......#
.+...OJ#......#
#......#....)#......#
#......#.....#......#
#......#######......+
#...................#
#.....................
#.....................
#.....................


You could see an ironbound thunderhulk, an enormous slime creature (strong), 2
slime creatures, 2 centaur warriors and 2 ironbound convokers.

Vanquished Creatures
  A sphinx (Vaults:1)
  A deep elf blademaster (Elf:2)
  A kraken (Shoals:4)
  Ilsuiw (Shoals:3)
  A deep elf sorcerer (Elf:1)
  A vault warden (Vaults:1)
  Josephine (D:11)
  A fire dragon (Lair:5)
  5 merfolk javelineers
  6 merfolk impalers
  Erolcha (D:10)
  5 hydras
  Harold (Lair:2)
  3 centaur warriors
  A great orb of eyes (Vaults:1)
  4 merfolk avatars
  An ironbound frostheart (Vaults:1)
  2 alligator snapping turtles
  Erica (D:11)
  2 boulder beetles (D:13)
  2 merfolk aquamancers
  A jorogumo (shapeshifter) (Elf:2)
  29 dancing weapons
  A two-headed ogre (D:9)
  A satyr (Shoals:3)
  8 death yaks
  4 tengu warriors
  3 orc high priests (Orc:2)
  Sonja (Lair:1)
  6 skeletal warriors (D:14)
  10 deep elf knights
  Amaemon (D:11)
  Lodul (D:13)
  15 sea snakes
  A swamp dragon (Lair:5)
  4 deep elf archers
  2 ironbound convokers (Vaults:1)
  2 wizards (D:14)
  3 lindwurms (Vaults:1)
  30 harpies
  20 deep elf pyromancers
  24 deep elf zephyrmancers
  5 orc knights
  A wolf spider (Lair:3)
  11 fauns
  5 orc sorcerers
  2 ugly things
  7 cyclopes
  17 manticores
  9 merfolk sirens
  Joseph (D:7)
  4 elephants (Lair:4)
  3 black mambas
  5 water nymphs
  A vault sentinel (Vaults:1)
  Maurice (D:11)
  A gargoyle (D:12)
  13 cane toads
  2 unseen horrors
  An orange demon (D:11)
  An unseen horror (shapeshifter) (D:13)
  4 yaktaurs (Vaults:1)
  A tengu conjurer (D:14)
  A freezing wraith (D:14)
  7 rime drakes
  9 komodo dragons
  3 kobold demonologists (D:10)
  An efreet (D:14)
  A polar bear (shapeshifter) (D:14)
  25 merfolk
  A hornet (shapeshifter) (D:14)
  7 wind drakes
  4 trolls
  16 dream sheep
  17 blink frogs
  5 polar bears
  5 slime creatures
  A jumping spider (Lair:3)
  A culicivora (Lair:3)
  16 snapping turtles
  2 vampires
  6 air elementals
  2 shadows
  7 water elementals
  5 wyverns
  10 wraiths
  6 basilisks
  40 yaks
  2 steam dragons
  10 vampire mosquitoes
  A redback (Lair:3)
  A warg (Orc:1)
  5 acid dragons
  15 water moccasins
  A swamp drake (Lair:5)
  23 orc warriors
  A black bear (D:5)
  7 centaurs
  12 ogres
  14 bullfrogs
  A necrophage (D:4)
  A gnoll sergeant (D:12)
  2 earth elementals
  2 scorpions
  14 killer bees
  3 electric eels
  2 hounds
  4 jellies
  Crazy Yiuf (D:4)
  12 orc priests
  Ijyb (D:4)
  4 iguanas
  17 orc wizards
  Terence (D:3)
  5 hell rats (Lair:3)
  9 gnolls
  5 adders
  A shadow imp (D:8)
  2 white imps
  5 ufetubi
  3 worms
  69 orcs
  5 bats
  6 endoplasms
  2 giant cockroaches
  10 hobgoblins
  3 quokkas
  3 training dummies (Orc:2)
  3 ball pythons
  3 frilled lizards (D:2)
  8 goblins
  A jackal skeleton (D:3)
  6 kobolds
  7 rats
  3 tentacles (Shoals:4)
818 creatures vanquished.

Vanquished Creatures (collateral kills)
  A deep elf knight (Elf:2)
1 creature vanquished.

Vanquished Creatures (others)
  A death knight (D:14)
  A dancing weapon (Elf:1)
  2 deep elf knights
  A snapping turtle (Shoals:4)
  An orc (Orc:1)
  7 fungi
  120 plants
  3 tentacles (Shoals:4)
136 creatures vanquished.

Grand Total: 955 creatures vanquished

Notes
Turn   | Place    | Note
-------+----------+-------------------------------------------
     0 | D:1      | Ijustatesigmund the Gargoyle Fighter began the quest for
                  | the Orb.
     0 | D:1      | Reached XP level 1. HP: 14/14 MP: 1/1
   181 | D:1      | Found a faded altar of an unknown god.
   268 | D:1      | Reached XP level 2. HP: 15/19 MP: 2/2
   959 | D:2      | Reached XP level 3. HP: 23/23 MP: 3/3
  1139 | D:2      | Identified the amulet "Boxayngo" {Acrobat Will+ Str+3
                  | Dex+3}
  1336 | D:2      | Gained mutation: You have hidden genetic potential. [potion
                  | of mutation]
  1336 | D:2      | Gained mutation: You possess an exceptional clarity of
                  | mind. [potion of mutation]
  1336 | D:2      | Gained mutation: You have large cloven feet. [potion of
                  | mutation]
  1516 | D:3      | Found an ancient bone altar of Kikubaaqudgha.
  1581 | D:3      | Found a runed translucent door.
  1581 | D:3      | Noticed a human
  1584 | D:3      | Found a basalt altar of Yredelemnul.
  1682 | D:3      | Reached skill level 4 in Fighting
  1682 | D:3      | Reached XP level 4. HP: 13/29 MP: 4/4
  1693 | D:3      | Gained mutation: You are robust. (+10% HP) [hidden
                  | potential]
  1918 | D:3      | Found an opulent altar of Gozag.
  2005 | D:3      | Noticed Terence
  2013 | D:3      | Killed Terence
  2358 | D:3      | Reached XP level 5. HP: 37/37 MP: 5/5
  2491 | D:4      | Reached skill level 5 in Fighting
  2584 | D:4      | Got the Textbook on Pestilence
  2646 | D:4      | Noticed Ijyb
  2661 | D:4      | Killed Ijyb
  2662 | D:4      | Reached XP level 6. HP: 42/44 MP: 6/6
  2793 | D:4      | Gained mutation: You are partially covered in iridescent
                  | scales. (AC +2) [hidden potential]
  2793 | D:4      | Lost mutation: You have hidden genetic potential. [hidden
                  | potential expressed]
  2876 | D:4      | Found a runed translucent door.
  2877 | D:4      | Noticed Crazy Yiuf
  2885 | D:4      | Killed Crazy Yiuf
  3070 | D:4      | Found a sacrificial altar of Ru.
  3187 | D:5      | Entered Level 5 of the Dungeon
  3187 | D:5      | Noticed flestrin's ghost (novice DsTm)
  3187 | D:5      | Found a transporter.
  3187 | D:5      | Found a transporter.
  3193 | D:5      | Reached skill level 6 in Fighting
  3374 | D:5      | Reached skill level 5 in Maces & Flails
  3384 | D:5      | Reached XP level 7. HP: 50/50 MP: 7/7
  3751 | D:6      | Reached skill level 7 in Fighting
  3784 | D:6      | Found an iron altar of Okawaru.
  3833 | D:6      | Identified the +9 plate armour of Jumu Leelo {rF+ Str+3}
  4035 | D:6      | Reached XP level 8. HP: 48/58 MP: 8/8
  4458 | D:6      | Found a blossoming altar of Fedhas.
  4458 | D:6      | Found a sparkling altar of Nemelex Xobeh.
  4465 | D:6      | Found a shadowy altar of Dithmenos.
  4467 | D:6      | Found a faded altar of an unknown god.
  4469 | D:6      | Found a stormy altar of Qazlal.
  4759 | D:6      | Identified the +5 chain mail of Biwimn {rElec rC- Int+6}
  4871 | D:7      | Noticed Joseph
  4894 | D:7      | Killed Joseph
  5098 | D:7      | Reached skill level 8 in Fighting
  5098 | D:7      | Reached skill level 5 in Armour
  5138 | D:7      | Noticed a wraith
  5157 | D:7      | Killed a wraith
  5164 | D:7      | Found a staircase to the Ecumenical Temple.
  5180 | Temple   | Entered the Ecumenical Temple
  5381 | Temple   | Became a worshipper of Cheibriados the Contemplative
  5454 | D:7      | Identified the +7 flail of Vengeance {drain, rElec}
  6041 | D:8      | Reached skill level 1 in Invocations
  6195 | D:8      | Found a shimmering altar of Xom.
  6394 | D:8      | Reached XP level 9. HP: 66/66 MP: 10/10
  6493 | D:9      | Noticed a two-headed ogre
  6507 | D:9      | Killed a two-headed ogre
  6636 | D:9      | Reached skill level 9 in Fighting
  7149 | D:9      | Identified the ring "Cimpicw" {+Blink rF+ Will+ Dex+6}
  7188 | D:9      | Reached * piety under Cheibriados
  7204 | D:9      | Reached XP level 10. HP: 51/72 MP: 13/13
  7441 | D:10     | Entered Level 10 of the Dungeon
  7520 | D:10     | Killed an unseen horror
  7521 | D:10     | Reached skill level 5 in Invocations
  7552 | D:10     | Noticed Erolcha
  7559 | D:10     | Killed Erolcha
  7560 | D:10     | Reached skill level 10 in Fighting
  7615 | D:10     | Noticed a kobold demonologist
  7616 | D:10     | Noticed a kobold demonologist
  7616 | D:10     | Noticed a kobold demonologist
  7620 | D:10     | Noticed an orange demon
  7623 | D:10     | Killed a kobold demonologist
  7633 | D:10     | Killed a kobold demonologist
  7634 | D:10     | Noticed a sixfirhy
  7638 | D:10     | Killed a kobold demonologist
  7900 | D:10     | Found a staircase to the Orcish Mines.
  7900 | D:10     | Found Zurpha's Armour Shoppe.
  8054 | D:10     | Reached ** piety under Cheibriados
  8095 | D:10     | Found an ornate altar of the Wu Jian Council.
  8589 | D:11     | Noticed Josephine
  8604 | D:11     | Killed Josephine
  8605 | D:11     | Reached skill level 1 in Evocations
  8605 | D:11     | Reached XP level 11. HP: 80/80 MP: 14/16
  8674 | D:11     | Noticed a death yak
  8674 | D:11     | Noticed a death yak
  8679 | D:11     | Noticed a death yak
  8682 | D:11     | Noticed a death yak
  8684 | D:11     | Noticed a death yak
  8688 | D:11     | Killed a death yak
  8690 | D:11     | Noticed Erica
  8707 | D:11     | Killed a death yak
  8708 | D:11     | Reached skill level 11 in Fighting
  8725 | D:11     | Noticed Amaemon
  8742 | D:11     | Killed Amaemon
  8743 | D:11     | Reached skill level 10 in Maces & Flails
  8743 | D:11     | Reached skill level 5 in Shields
  8808 | D:11     | Killed a death yak
  8835 | D:11     | Killed a death yak
  8858 | D:11     | Killed a death yak
  8885 | D:11     | Reached *** piety under Cheibriados
  9204 | D:11     | Reached XP level 12. HP: 75/88 MP: 18/18
  9305 | D:11     | Noticed Maurice
  9322 | D:11     | Killed Maurice
  9411 | D:11     | Killed Erica
  9416 | D:11     | Found a staircase to the Lair.
  9950 | D:12     | Reached **** piety under Cheibriados
 10068 | D:12     | Reached skill level 12 in Fighting
 10598 | D:13     | Noticed a centaur warrior
 10610 | D:12     | Killed a centaur warrior
 10611 | D:12     | Reached skill level 5 in Evocations
 10747 | D:13     | Noticed an eight-headed hydra
 10758 | D:13     | Killed an eight-headed hydra
 11021 | D:13     | Noticed Lodul
 11042 | D:13     | Killed Lodul
 11047 | D:13     | Reached ***** piety under Cheibriados
 11072 | D:13     | Reached skill level 1 in Dodging
 11164 | D:13     | Noticed a boulder beetle
 11198 | D:13     | Killed a boulder beetle
 11201 | D:13     | Reached XP level 13. HP: 75/95 MP: 20/20
 11557 | D:13     | Reached skill level 10 in Invocations
 11829 | D:14     | Found Feneber's Armour Shoppe.
 12000 | D:14     | Upgraded the game from 0.30-a0-234-g97d66968fd to
                  | 0.30-a0-241-g1121274140
 12023 | D:14     | Reached skill level 13 in Fighting
 12317 | D:14     | Identified the +3 leather armour "Kenuraxai" {+Inv rElec
                  | rF+ rC-}
 12317 | D:14     | Identified the ring of Trepidation {rF+++ Will++ rCorr SInv
                  | Stlth-}
 12431 | D:14     | Found Hirith's Distillery.
 12481 | D:14     | Bought a potion of heal wounds for 70 gold pieces
 12490 | D:14     | Found Usiowk's Book Shop.
 12640 | D:14     | Identified 2 scrolls of acquirement
 12640 | D:14     | Acquired a manual of Evocations
 12647 | D:14     | Acquired a manual of Poison Magic
 12739 | D:14     | Found a gate to the Vaults.
 13364 | Lair:1   | Entered Level 1 of the Lair of Beasts
 13448 | Lair:1   | Noticed Sonja
 13459 | Lair:1   | Killed Sonja
 13478 | Lair:1   | Identified the +9 sling "Opaugaga" {vorpal, rPois Int-5
                  | SInv}
 13552 | Lair:1   | Gained mutation: Your large and strong wings let you fly.
                  | [Gargoyle growth]
 13552 | Lair:1   | Reached XP level 14. HP: 103/103 MP: 22/22
 14596 | Lair:2   | Noticed Harold
 14607 | Lair:2   | Killed Harold
 14695 | Lair:2   | Reached skill level 5 in Dodging
 15283 | Lair:3   | Reached skill level 14 in Fighting
 15457 | Lair:3   | Found a staircase to the Shoals.
 15471 | Lair:3   | Reached ****** piety under Cheibriados
 15569 | Lair:3   | Found a hole to the Spider Nest.
 15728 | Lair:3   | You are sucked into a shaft and drop 1 floor!
 16646 | Lair:4   | Found a staircase to the Slime Pits.
 17375 | Lair:5   | Entered Level 5 of the Lair of Beasts
 17472 | Lair:5   | Reached skill level 10 in Evocations
 17777 | Lair:5   | Reached XP level 15. HP: 104/111 MP: 24/24
 18895 | Orc:1    | Entered Level 1 of the Orcish Mines
 19394 | Orc:2    | Entered Level 2 of the Orcish Mines
 19478 | Orc:2    | Found a staircase to the Elven Halls.
 19851 | Orc:2    | Found Bawuida's Firing Range.
 20074 | Orc:2    | Reached skill level 15 in Fighting
 20345 | Orc:2    | Found Vierigyu's Jewellery Shoppe.
 20345 | Orc:2    | Found Qingysofamm's Assorted Antiques.
 20347 | Orc:2    | Found Ubread's Antique Armour Shoppe.
 20347 | Orc:2    | Found Tuckit Rise's Armour Shop.
 20359 | Orc:2    | Bought a wand of mindburst (10) for 378 gold pieces
 20583 | Shoals:1 | Entered Level 1 of the Shoals
 21661 | Shoals:2 | You are sucked into a shaft and drop 1 floor!
 22076 | Shoals:2 | Reached XP level 16. HP: 91/118 MP: 25/25
 22137 | Shoals:2 | Identified the +5 ring mail of Truth {Harm Str+2 Dex+4}
 22256 | Shoals:2 | Found Opir's Book Boutique.
 23329 | Shoals:3 | Reached skill level 10 in Armour
 23371 | Shoals:3 | Noticed Ilsuiw
 23411 | Shoals:3 | Killed Ilsuiw
 24875 | Shoals:4 | Entered Level 4 of the Shoals
 25180 | Shoals:4 | Noticed a kraken
 25206 | Shoals:4 | Killed a kraken
 25408 | Shoals:4 | Reached skill level 16 in Fighting
 25544 | Shoals:4 | Reached XP level 17. HP: 87/126 MP: 27/27
 26871 | Shoals:4 | Identified the amulet "Fazet" {RegenMP rC- Regen+ rCorr
                  | Str+2}
 26911 | Shoals:4 | Got a barnacled rune of Zot
 27046 | Shoals:4 | Reached skill level 10 in Shields
 27297 | Elf:1    | Entered Level 1 of the Elven Halls
 27390 | Elf:1    | Reached skill level 15 in Maces & Flails
 27656 | Elf:1    | Paralysed by an air elemental for 1 turns
 27970 | Elf:1    | Found a shimmering blue altar of Sif Muna.
 28568 | Elf:2    | Found a runed translucent gate.
 28568 | Elf:2    | Found a runed translucent gate.
 28569 | Elf:2    | Found a runed translucent gate.
 28799 | Elf:2    | Paralysed by an air elemental for 1 turns
 28827 | Elf:2    | Paralysed by an air elemental for 1 turns
 29002 | Elf:2    | Found Bynazim's Assorted Antiques.
 29007 | Elf:2    | Bought a scroll of blinking for 187 gold pieces
 29088 | Elf:2    | Noticed a deep elf blademaster
 29519 | Elf:2    | Killed a deep elf blademaster
 29590 | Elf:2    | Reached XP level 18. HP: 100/134 MP: 29/29
 29601 | Elf:2    | Reached skill level 15 in Invocations
 30333 | Elf:3    | Entered Level 3 of the Elven Halls
 30660 | Vaults:1 | Entered Level 1 of the Vaults
 30947 | Vaults:1 | Reached skill level 17 in Fighting
 30949 | Vaults:1 | Identified the +1 leather armour "Micw" {Contam Will+
                  | Dex+6}
 30962 | Vaults:1 | Identified the +2 demon whip of Satyriasis {spect, Fly rC+
                  | Str+3}
 31153 | Vaults:1 | Identified the +1 hat "Adocua" {rC+}
 31262 | Vaults:1 | Annihilated by an enormous slime creature

Illustrated notes

Levels and vault maps discovered:
D:1:      amcnicky_arrival_blooded_trapdoor, layout_basic,
          ebering_ecumenical_altar_hall
D:2:      layout_loops_ring
D:3:      layout_basic, dk_yredelemnul_ordeal, grunt_gozag_statues,
          mainiacjoe_overflow_cross_hatched, minivault_27, uniq_terence
D:4:      layout_loops_cross, nicolae_ru_path_of_blood, uniq_crazy_yiuf_cottage,
          uniq_ijyb
D:5:      layout_basic, gammafunk_ghost_hive
D:6:      layout_gridville, amcnicky_altar_gilded,
          chequers_temple_overflow_minitemple, nicolae_underground_beach
D:7:      layout_gridville, minmay_temple_entry_offerings, uniq_joseph
D:8:      layout_loops_ring, xom_butterflies
D:9:      layout_irregular_city
D:10:     layout_stronghold, nicolae_wu_jian_wuxing_cycle, orc_david_3,
          uniq_erolcha
D:11:     layout_loops_ring, dpeg_lair_monsters, uniq_josephine, uniq_maurice,
          uniq_amaemon, uniq_erica
D:12:     layout_loops_ring, chequers_serial_rivers_large_a
D:13:     layout_cave_pools, serial_bayou_pond_d, uniq_lodul
D:14:     minmay_the_grid_octo_tiled_squarecenter
          [minmay_the_grid_octo_thin_diamonds,
          minmay_the_grid_octo_checkerflower, minmay_the_grid_octo_teeth,
          minmay_the_grid_octo_tetromino_candy,
          minmay_the_grid_square_5x5_megaprize_crossed,
          minmay_the_grid_square_5x5_gyroscope, minmay_the_grid_square_5x5_tie,
          minmay_the_grid_square_5x5_n, minmay_the_grid_square_5x5_trominoes],
          layout_irregular_city, serial_shops, shop,
          nicolae_shop_window_shopping, shop, grunt_decor_one_mirror
Temple:   grunt_temple_mini_profane
Lair:1:   layout_small_grid, lemuel_fruit_tree, grunt_megastairs_5, uniq_sonja
Lair:2:   statuecave_lemuel, layout_misc_corridors, patterned_corridor,
          uniq_harold
Lair:3:   layout_cave_pods, elwin_shoals_entry_stream,
          spider_nest_entry_funnel_web, infiniplex_staircase_pool_2,
          grunt_megastairs_4
Lair:4:   layout_layer_cave, minmay_slime_entry_pillars
Lair:5:   guppyfry_lair_end_dragon, layout_small_grid, serial_bayou_shore_a,
          serial_bayou_shore_b, grunt_megastairs_3, infiniplex_staircase_pool
Shoals:1: layout_shoals
Shoals:2: layout_shoals, serial_shops, nicolae_diamond_shop
Shoals:3: layout_shoals, uniq_ilsuiw
Shoals:4: shoals_end_hangedman, layout_shoals
Orc:1:    layout_caves, nicolae_orc_pool_cavern
Orc:2:    grunt_orc_tribal_feast, layout_diamond_mine, basic_altar,
          nicolae_shop_firing_range
Elf:1:    eino_elf_arrival_customs, layout_loops_cross, basic_altar,
          minivault_28
Elf:2:    nicolae_elf_blades_splatter_lattice
          [nicolae_blade_entry_area_security], layout_geoelf_octagon,
          serial_shops, shop
Elf:3:    minmay_elf_hall_four_x, layout_geoelf_octagon, serial_shops,
          nicolae_shop_crystal
Vaults:1: nicolae_vaults_network_quincunx
          [nicolae_vaults_network_quincunx_subvault,
          nicolae_vaults_network_quincunx_subvault,
          nicolae_vaults_network_quincunx_subvault,
          nicolae_vaults_network_quincunx_subvault,
          nicolae_vaults_network_quincunx_subvault], dpeg_vaults_monster_box,
          hangedman_vaults_stitches, v_pattern_1, v_alt_pattern_5,
          nicolae_vaults_three_branches, ontoclasm_vaults_pinch,
          vaults_room_pools, nicolae_vaults_gold_heap, layout_vaults_omnigrid,
          serial_shops, shop

Skill      XL: |  1  2  3  4  5  6  7  8  9 10 11 12 13 14 15 16 17 18 |
---------------+-------------------------------------------------------+-----
Fighting       | 4 5 6 7 8 9 10 11 12 13 14 15 16 17 | 17.0
Maces & Flails | 3 4 5 6 7 8 9 10 11 12 13 14 15 | 15.6
Armour         | 5 7 8 9 10 11 12 | 12.3
Invocations    | 1 4 6 8 9 11 12 13 14 15 | 15.2
Shields        | 4 6 7 8 9 10 11 | 11.4
Evocations     | 1 3 5 7 10 11 13 14 | 14.5
Dodging        | 1 4 6 7 |  7.0

Action                   |  1- 3 |  4- 6 |  7- 9 | 10-12 | 13-15 | 16-18 || total
-------------------------+-------+-------+-------+-------+-------+-------++-------
Melee: Flail             |   102 |    14 |       |       |       |       ||   116
       Kick              |     7 |    28 |    19 |       |       |       ||    54
       Mace              |       |   117 |   287 |   711 |   201 |       ||  1316
       Morningstar       |       |       |       |       |  1201 |  1099 ||  2300
Throw: Throwing net      |       |       |     1 |       |       |       ||     1
Invok: Bend Time         |       |       |       |     3 |     3 |       ||     6
       Slouch            |       |       |       |     1 |     4 |     9 ||    14
Evoke: Wand              |       |       |       |     2 |    16 |    36 ||    54
  Use: Scroll            |     3 |    10 |     7 |     8 |    11 |    13 ||    52
       Potion            |     1 |     1 |       |     2 |     7 |     4 ||    15
 Stab: Invisible         |       |       |       |       |     2 |     1 ||     3
Armor: Scale mail        |    43 |    69 |    23 |       |       |       ||   135
       Plate armour      |       |       |   193 |   434 |   814 |   577 ||  2018
Dodge: Dodged            |    36 |    53 |   154 |   527 |  1125 |   900 ||  2795
Block: Buckler           |    15 |    37 |    97 |   151 |       |       ||   300
       Kite shield       |       |       |       |   172 |  1173 |   887 ||  2232

Table legend: (Time is in decaauts)
 A = Elapsed time spent in this place.
 B = Non-inter-level travel time spent in this place.
 C = Inter-level travel time spent in this place.
 D = Time resting spent in this place.
 E = Time spent auto-exploring this place.
 F = Levels seen in this place.
 G = Mean time per level.
                   A        B        C        D        E       F      G
               +--------+--------+--------+--------+--------+-----+--------+
         Total |  43650 |  40939 |   2711 |   3527 |  30073 |  30 | 1455.0 |
       Dungeon |  16139 |  15100 |   1039 |    962 |  11050 |  14 | 1152.8 |
        Temple |    234 |    202 |     32 |      0 |    183 |   1 |  234.0 |
          Lair |   9662 |   8880 |    782 |      0 |   7716 |   5 | 1932.4 |
        Shoals |   9427 |   9101 |    326 |   1434 |   6072 |   4 | 2356.8 |
  Orcish Mines |   2558 |   2379 |    179 |    250 |   1697 |   2 | 1279.0 |
   Elven Halls |   4707 |   4356 |    351 |    881 |   2547 |   3 | 1569.0 |
        Vaults |    921 |    921 |      0 |      0 |    807 |   1 |  921.0 |
               +--------+--------+--------+--------+--------+-----+--------+

Top non-repeatable levels by time:
Shoals:4: 3079 daAuts
   Elf:2: 2738 daAuts
    D:14: 2399 daAuts
Shoals:3: 2386 daAuts
  Lair:3: 2236 daAuts
  Lair:5: 2233 daAuts
  Lair:4: 2155 daAuts
Shoals:2: 2126 daAuts
   Elf:1: 1862 daAuts
Shoals:1: 1835 daAuts
    D:11: 1727 daAuts
    D:12: 1595 daAuts
  Lair:1: 1590 daAuts
   Orc:2: 1482 daAuts
  Lair:2: 1446 daAuts
